AoeStats
← Jûb'Z

Arabia

508503319Analyzed
1v1 RM · 9d ago on Sep 22, 2026· 54m 50s· 2 players
Game mode
Random Map
Map size
Tiny (2 player)
Population
200
Speed
Normal
Resources
Standard
Victory
Conquest
Starting age
Dark Age
Ending age
Imperial Age
RankedLock teamsTeams togetherTeam positionsShared explorationLock speedFull tech treeHidden civsTurbo modeCheats
Victory
Defeat
🇳🇱 Byzantines · Netherlands
433
+14
🇫🇷 Spanish · France
379
-14
Jûb'Z
8:03 Loom
10:41 Feudal Age
12:46 Double-Bit Axe
12:43 Horse Collar
13:10 Town Watch
19:01 Castle Age
21:09 Bow Saw
25:00 Heavy Plow
25:08 Stone Mining
26:31 Scale Barding Armor
26:37 Forging
28:12 Husbandry
28:23 Bloodlines
28:16 Gold Mining
29:02 Stone Shaft Mining
29:08 Stone Shaft Mining
31:49 Iron Casting
37:50 Imperial Age
40:31 Cavalier
51:22 Chemistry
51:43 Conscription
GilmeiNHL
13:50 Feudal Age
12:14 Loom
15:33 Wheelbarrow
15:01 Double-Bit Axe
18:02 Scale Barding Armor
18:09 Forging
20:53 Horse Collar
24:01 Castle Age
22:32 Gold Mining
22:37 Stone Mining
24:29 Fletching
24:40 Padded Archer Armor
26:24 Gold Shaft Mining
26:27 Stone Shaft Mining
26:44 Crossbowman
28:35 Leather Archer Armor
30:01 Hand Cart
31:13 Bodkin Arrow
32:05 Heavy Plow
37:16 Thumb Ring
43:02 Imperial Age
40:03 Pikeman
40:43 Squires
42:08 Chain Barding Armor
42:24 Iron Casting
44:22 Capped Ram
50:05 Plate Barding Armor
51:00 Halberdier
Connection lost

Rejoining the realm…

Still unreachable

The connection could not be restored.

Session expired

The server has moved on; the page needs a fresh start.